 Dungeon Crawl Stone Soup version 0.14.1 (webtiles) character file.

1789252 uri the Slayer (level 27, 170/170 HPs)
             Began as a Vine Stalker Berserker on Apr 28, 2014.
             Was a High Priest of Trog.
             Escaped with the Orb
             ... and 3 runes on Apr 29, 2014!
             The game lasted 05:25:59 (60945 turns).

uri the Slayer (Vine Stalker Berserker)            Turns: 60945, Time: 05:25:59

HP 170/170       AC 39     Str 38      XL: 27
MP  44/44        EV  7     Int  4      God: Trog [*****.]
Gold 4471        SH 34     Dex 16      Spells:  0 memorised, 26 levels left

rFire  + + +     SeeInvis +     q - +8 eveningstar (crush)
rCold  + . .     Clarity  .     P - +9 gold dragon armour
rNeg   + . .     Conserve +     D - +2 shield of the Eight Boll Weevils {Spirit, rElec rPois}
rPois  +         rCorr    +     r - +0 hat of Repulsion {rF+}
rElec  +         rRot     +     y - +1 cloak {rCorr, Cons}
SustAb . .       Spirit   +     d - +0 pair of gloves {Dex+3}
rMut   +         Warding  .     N - +1 pair of boots of Cheibriados' Reproof {+Inv SInv}
Saprov . . .     Stasis   .     i - amulet of Pse Struu {rMut Str+2 Int-3}
MR     +++..                    v - ring of Geacs {rN+ Str+2}
                                e - ring "Qeaha" {rF+ SInv}

@: extremely resistant to hostile enchantments, extremely unstealthy
A: fangs 3, regeneration 3, magic shield, antimagic bite, no device heal
a: Burn Spellbooks, Berserk, Trog's Hand, Brothers in Arms, Renounce Religion,
Evoke Invisibility
0: Orb of Zot
}: 3/15 runes: barnacled, silver, gossamer


You escaped.
You worshipped Trog.
Trog was extremely pleased with you.
You were very full.

You visited 10 branches of the dungeon, and saw 55 of its levels.
You also visited: Labyrinth, Trove, Bailey, Ice Cave and Volcano.

You collected 6799 gold pieces.
You spent 2328 gold pieces at shops.

Inventory:

Hand weapons
 q - a +8,+8 eveningstar of crushing (weapon)
 B - the +5,+5 eveningstar of Slow Death {crush, MR+ Int+1}
   (Trog gifted it to you on level 2 of the Depths)

   It inflicts extra damage upon your enemies.
   It affects your intelligence (+1).
   It affects your resistance to hostile enchantments.
Armour
 d - a +0 pair of gloves of dexterity (worn)
 r - the +0 hat of Repulsion (worn) {rF+}
   (You found it on level 5 of the Vaults)

   It protects you from fire.
 y - a +1 cloak of preservation (worn)
 D - the +2 shield of the Eight Boll Weevils (worn) {Spirit, rElec rPois}
   (You found it on level 2 of the Elven Halls)

   It insulates you from electricity.
   It protects you from poison.
 N - the +1 pair of boots of Cheibriados' Reproof (worn) {+Inv SInv}
   (You found it on level 4 of the Realm of Zot)

   It enhances your eyesight.
   It lets you turn invisible.
 P - a +9 gold dragon armour (worn)
Magical devices
 a - a wand of disintegration (12)
 b - a wand of disintegration (14)
 k - a wand of draining (6)
 m - a wand of digging (4)
 t - a wand of polymorph (8)
 u - a wand of cold (6)
 z - a wand of invisibility (1)
 L - a wand of draining (5)
 M - a wand of hasting (5)
Comestibles
 H - 10 bread rations
Scrolls
 f - 3 scrolls of silence
 o - 4 scrolls of fear
 x - 3 scrolls of recharging
 K - a scroll of summoning
 O - 2 scrolls of vulnerability
 Q - 6 scrolls of blinking
 R - 9 scrolls of fog
 S - 7 scrolls of identify
 U - 5 scrolls of magic mapping
 V - 12 scrolls of remove curse
 W - 4 scrolls of teleportation
Jewellery
 c - the ring of Brohozaw {+Fly Str+3 Int+2}
   (You found it on level 5 of the Vaults)

   [ring of flight]

   It affects your strength (+3).
   It affects your intelligence (+2).
 e - the ring "Qeaha" (left hand) {rF+ SInv}
   (You found it on level 4 of the Vaults)

   [ring of protection from fire]

   It enhances your eyesight.
 g - a +4,+3 ring of slaying
 i - the amulet of Pse Struu (around neck) {rMut Str+2 Int-3}
   (You found it on level 5 of the Shoals)

   [amulet of resist mutation]

   It affects your strength (+2).
   It affects your intelligence (-3).
 l - an uncursed amulet of resist corrosion
 n - an uncursed amulet of conservation
 v - the ring of Geacs (right hand) {rN+ Str+2}
   (You took it off a tengu reaver on level 5 of the Vaults)

   [ring of positive energy]

   It affects your strength (+2).
 F - an uncursed ring of protection from cold
Potions
 h - 8 potions of restore abilities
 j - a potion of cure mutation
 w - 3 potions of resistance
 A - a potion of agility
 E - a potion of haste
 I - 4 potions of invisibility
 X - 17 potions of curing
 Z - 3 potions of might
Miscellaneous
 p - a sack of spiders
 s - a legendary deck of dungeons {Vitrification, drawn: 1}


   Skills:
 + Level 25.7 Fighting
 - Level 16.0 Maces & Flails
 - Level 20.0 Armour
 - Level 1.5 Dodging
 - Level 15.0 Shields
 - Level 22.0 Evocations


You had 26 spell levels left.
You didn't know any spells.

Dungeon Overview and Level Annotations

Branches:
Dungeon (15/15)            Temple (0/1) D:4             Orc (4/4) D:9
    Elf (2/3) Orc:3          Lair (8/8) D:10         Shoals (5/5) Lair:4
 Spider (5/5) Lair:5        Slime (0/6) Lair:8       Vaults (5/5) D:14
  Blade (1/1) Vaults:4      Crypt (0/5) Vaults:2        Zot (5/5) Depths:5
 Depths (5/5) D:15

Altars:
Cheibriados
Dithmenos
Elyvilon
Trog
Vehumet
Zin
Beogh
Jiyva
Lugonu

Shops:
D:4 (   D:8 *   D:10 *   D:11 [   Orc:3 [   Orc:4 [(=*   Elf:1 }   Shoals:2 }
Vaults:1 :   Vaults:5 ?!?   Depths:2 [

Portals:
Hell: Depths:1 Depths:2 Depths:3 Depths:4 Depths:5
Abyss: Depths:2 Depths:3 Depths:4 Depths:5
Pandemonium: Depths:3
Ziggurat: Depths:3

Annotations:
Zot:5 Sar's ghost, great KoAK


Innate Abilities, Weirdness & Mutations

You are immune to rotting.
You have razor-sharp teeth.
You regenerate.
When hurt, damage is shared between your health and your magic reserves.
Your bite disrupts and absorbs the magic of your enemies.
Potions and wands cannot restore your HP.


Message History

You kill the kobold!
Trog accepts your kill.
There is an open door here.
There is an open door here.
There is an open door here.
Evoke which item? (* to show all) (? for menu, Esc to quit)
Zapping:
m - a wand of digging (7)
Press: ? - help, Shift-Dir - straight line, f - you The rock shatters into small pieces.
This wand has 6 charges left.
Evoke which item? (* to show all) (? for menu, Esc to quit)
Zapping:
m - a wand of digging (6)
Press: ? - help, Shift-Dir - straight line, f - you The rock shatters into small pieces.
This wand has 5 charges left.
Evoke which item? (* to show all) (? for menu, Esc to quit)
Zapping:
m - a wand of digging (5)
Press: ? - help, Shift-Dir - straight line, f - you The rock shatters into small pieces.
This wand has 4 charges left.
There is a staircase leading out of the dungeon here.
You can't go down here!
You have escaped!

....##.##.####.# #.......##.#
.##.###.#.# #.# #.......##.#
.##.# ##..# #.####.......##.####
.##.# ##.####.#....####'###.....
.##.#####....#.'....# #.# ######
.##.......#.'###....####.# #..
.########.##...###.....#.# #.# .#
#.##'.+###.###.#.######.. ##
#....#..@#.....#.........
####+#'###.##############
##..#..........>......
####'###.....#####.######
#....#...##..#...#.#.....
#########.####....#..##..#.#.####
...............#..#..##..#.#.#...
##############.#..#......#.#.#.##
#.#..#.####.#.#.#.#


There were no monsters in sight!

Vanquished Creatures
  2 orbs of fire
  2 ancient liches
  2 curse toes
  Norris (Shoals:4)
  Mennas (Depths:5)
  4 Killer Klowns
  11 golden dragons
  Xtahua (Depths:5)
  3 electric golems
  Frederick (Vaults:2)
  the Enchantress (Depths:1)
  10 bone dragons
  17 tentacled monstrosities
  17 Orb Guardians
  3 titans (Vaults:5)
  The ghost of Thetao the Cloud Mage, a mighty DrWz of Vehumet (Spider:2)
  2 Shadow Fiends
  4 quicksilver dragons
  3 krakens
  5 liches
  5 tengu reavers
  12 storm dragons
  Rupert (D:14)
  3 sphinxes
  Agnes (Spider:1)
  A deep elf master archer (Depths:3)
  6 shadow dragons
  4 draconian monks
  Ilsuiw (Shoals:5)
  An orc warlord (Orc:4)
  Donald (D:14)
  Wiglaf (Depths:3)
  12 frost giants
  A draconian scorcher (Zot:2)
  4 deep elf sorcerers
  4 iron dragons
  13 fire giants
  12 emperor scorpions
  A draconian knight (Zot:4)
  A player illusion (Spider:4)
  3 ghost moths (Spider:5)
  A cacodemon (Zot:1)
  18 vault wardens
  A draconian annihilator (Depths:5)
  A draconian zealot (Zot:4)
  3 deep elf demonologists
  2 alligators (shapeshifter) (Depths:2)
  4 spriggan defenders
  4 draconian shifters
  3 war gargoyles
  27 stone giants
  5 grey draconians
  A green draconian (Zot:2)
  4 white draconians
  3 vampire knights
  A salamander firebrand (Depths:3)
  5 yellow draconians
  5 mottled draconians
  6 purple draconians
  5 red draconians
  6 dire elephants
  6 pale draconians
  2 deep elf annihilators
  A blizzard demon (Depths:3)
  9 ettins
  5 black draconians
  6 deep elf death magi
  A merfolk javelineer (Shoals:5)
  Snorg (Spider:5)
  26 vault guards
  A jiangshi (Depths:1)
  2 green deaths
  3 minotaurs
  8 deep elf high priests
  16 fire dragons
  3 sirens
  5 death cobs
  7 merfolk impalers
  4 rakshasas
  8 hydras
  3 great orbs of eyes
  Fannar (Orc:3)
  11 ironheart preservers
  21 ice dragons
  A ravenous item mimic (IceCv)
  2 ravenous feature mimics
  An anaconda (shapeshifter) (Vaults:5)
  9 ogre magi
  Erica (D:14)
  6 merfolk aquamancers
  4 spriggan air magi
  6 deep troll shamans
  4 deep troll earth magi
  18 yaktaur captains
  54 death yaks
  A spriggan assassin (Depths:2)
  A satyr (shapeshifter) (Vaults:3)
  2 orc high priests
  A satyr (Shoals:3)
  A tengu warrior (D:13)
  5 sun demons
  22 dancing weapons
  A shock serpent (shapeshifter) (Depths:2)
  7 spriggan berserkers
  Urug (Spider:1)
  11 centaur warriors
  A vampire mage (Depths:1)
  3 soul eaters (Depths:3)
  A fire crab (shapeshifter) (Vaults:3)
  The ghost of Heini the Cleaver, an experienced HOFi of Okawaru (D:6)
  A hell knight (Vaults:5)
  A shadow wraith (Vaults:4)
  12 very ugly things
  4 catoblepae
  22 deep elf knights
  2 ice devils (Depths:3)
  11 sea snakes
  8 large abominations (Depths:2)
  11 skeletal warriors
  6 unseen horrors
  3 giant orange brains
  Erolcha (D:10)
  13 iron trolls
  11 deep elf summoners
  2 ice statues
  13 hill giants
  18 orb spiders
  2 death drakes (shapeshifter)
  5 flayed ghosts
  5 water nymphs
  16 deep trolls
  A shadow dragon zombie (Vaults:4)
  7 deep elf conjurers
  Joseph (D:11)
  41 harpies
  A mana viper (shapeshifter) (Depths:2)
  5 necromancers
  27 wolf spiders
  15 ironbrand convokers
  A lindwurm (shapeshifter) (Vaults:5)
  A draconian zombie (Zot:4)
  16 fauns
  3 elephants (shapeshifter)
  24 moths of wrath
  14 orc knights
  3 stone giant zombies
  3 phantasmal warriors (Vaults:2)
  A manticore (shapeshifter) (Depths:5)
  7 sixfirhies
  A spectral human (Vaults:4)
  13 griffons
  4 wizards
  2 black mambas
  9 red wasps
  6 manticores
  6 cyclopes
  19 elephants
  5 orc sorcerers
  6 spiny frogs
  A stone giant skeleton (Vaults:4)
  A drowned soul (Shoals:2)
  A queen ant (Lair:8)
  4 mermaids
  4 feature mimics
  2 gargoyles (D:12)
  An emperor scorpion zombie (D:15)
  Psyche (D:8)
  A purple draconian zombie (Zot:4)
  7 demonic crawlers
  3 fire drakes
  4 kobold demonologists
  3 iron troll zombies
  7 red devils
  14 vault sentinels
  61 yaktaurs
  2 blue devils (Depths:3)
  A hellwing (Vaults:1)
  16 deep elf priests
  An efreet (Depths:3)
  5 small abominations
  20 jumping spiders
  A hell beast (Depths:1)
  Grinder (D:3)
  An emperor scorpion skeleton (D:15)
  An iron troll skeleton (Vaults:1)
  A merfolk (shapeshifter) (Depths:2)
  7 trolls
  A golden dragon simulacrum (Depths:3)
  A polar bear (shapeshifter) (Depths:2)
  10 iron devils
  15 polar bears
  2 tengu conjurers
  11 freezing wraiths
  9 komodo dragons
  22 merfolk
  2 giant fireflies (Depths:3)
  A giant firefly (shapeshifter) (Depths:1)
  A wind drake (Shoals:2)
  A queen bee (Lair:1)
  Prince Ribbit (D:5)
  A tengu simulacrum (Depths:3)
  A trapdoor spider zombie (D:11)
  A wind drake (shapeshifter) (Vaults:3)
  A raven (D:13)
  8 boulder beetles
  12 two-headed ogres
  2 spectral elves (Depths:3)
  15 blink frogs
  14 slime creatures
  A catoblepas skeleton (D:10)
  2 spriggans (shapeshifter)
  8 snapping turtles
  7 wraiths
  A yak (shapeshifter) (Vaults:4)
  A formicid (shapeshifter) (Vaults:1)
  A basilisk (shapeshifter) (Vaults:2)
  2 basilisks
  A spriggan simulacrum (Depths:3)
  3 air elementals (Depths:4)
  16 trapdoor spiders
  4 spriggans
  3 flying skulls (Depths:3)
  3 vampires
  4 wyverns
  25 tarantellas
  63 redbacks
  20 deep elf magi
  28 sharks
  4 shadows
  Eustachio (D:7)
  2 chaos spawn
  69 yaks
  A golden eye (shapeshifter) (Depths:2)
  19 water elementals
  Grum (Orc:3)
  10 hippogriffs
  8 vampire mosquitoes
  38 ugly things
  A steam dragon (Lair:2)
  7 wargs
  7 hungry ghosts
  33 deep elf fighters
  A naga (shapeshifter) (Vaults:5)
  16 humans
  A hill giant skeleton (D:14)
  5 soldier ants (Lair:8)
  A hell hound (Depths:3)
  2 necrophages
  24 wolves
  5 mottled dragons
  A phantom (D:5)
  2 water moccasins (shapeshifter)
  A soldier ant (shapeshifter) (Depths:2)
  9 porcupines
  23 orc warriors
  16 ice beasts
  A black bear (D:7)
  15 water moccasins
  4 yellow wasps
  12 giant goldfish
  30 ogres
  An ettin simulacrum (Vaults:3)
  A sky beast (D:7)
  28 centaurs
  12 spiders
  A vampire mosquito zombie (D:15)
  3 human zombies (Vaults:3)
  A human skeleton (Vaults:1)
  16 crocodiles
  Sigmund (D:7)
  Duvessa (D:4)
  3 boring beetles
  2 wandering mushrooms
  6 giant slugs
  9 big kobolds
  Blork the orc (D:5)
  22 giant frogs
  A human simulacrum (Vaults:2)
  24 killer bees
  11 scorpions
  2 jellies
  2 eyes of draining
  2 spriggan skeletons
  2 troll skeletons (Lab)
  5 wights (D:13)
  13 electric eels
  4 goliath beetles
  Dowan (D:4)
  2 crimson imps
  A goliath beetle (shapeshifter) (Vaults:2)
  15 hounds
  9 big fish
  A komodo dragon simulacrum (D:14)
  Crazy Yiuf (D:7)
  2 quasits (D:7)
  A giant frog skeleton (D:8)
  29 orc priests
  3 iron imps
  A two-headed ogre zombie (Vaults:4)
  17 worker ants
  33 orc wizards
  6 iguanas
  5 orange rats
  29 sheep
  A sky beast zombie (D:8)
  4 ogre zombies (D:15)
  An ogre skeleton (Lab)
  A mummy (D:9)
  3 worker ant zombies
  A hound skeleton (D:4)
  5 orc zombies
  78 green rats
  A scorpion zombie (D:7)
  14 adders
  An inept feature mimic (D:3)
  3 shadow imps
  7 giant mites
  2 inept item mimics
  A white imp (D:7)
  4 worms
  6 giant eyeballs
  7 giant geckos
  3 oozes
  182 orcs
  28 bats
  4 giant cockroaches
  26 goblins
  19 hobgoblins
  20 jackals
  16 quokkas
  A ball python (D:2)
  17 giant newts
  4 giant spores
  A goblin zombie (Orc:4)
  A hobgoblin zombie (D:8)
  52 kobolds
  A kobold zombie (Vaults:3)
  26 rats
  A rat zombie (D:6)
  10 ballistomycetes
  A bush (Shoals:3)
  A crawling corpse (Elf:2)
  4 plants
  11 tentacles
2774 creatures vanquished.

Vanquished Creatures (collateral kills)
  Mara (Spider:4)
  A golden dragon (Depths:2)
  A tentacled monstrosity (Zot:5)
  A stone giant (Vaults:3)
  A merfolk javelineer (Shoals:5)
  A deep elf death mage (Elf:1)
  2 yaktaur captains (Vaults:3)
  An ironheart preserver (Vaults:3)
  4 merfolk aquamancers (Shoals:1)
  A death yak (D:15)
  An orb spider (Spider:4)
  2 deep trolls (D:15)
  2 deep elf priests (Elf:1)
  2 polar bears (IceCv)
  A shark (Spider:4)
  A water elemental (Shoals:1)
  2 killer bees (Lair:1)
25 creatures vanquished.

Vanquished Creatures (others)
  A vault warden (Vaults:2)
  An iron troll (Depths:2)
  2 hill giants
  A deep elf summoner (Depths:3)
  9 drowned souls
  3 trolls
  A redback (Spider:4)
  A wolf (IceCv)
  An ogre (Depths:1)
  2 lost souls (Vaults:5)
  A centaur (Vaults:2)
  An orange rat (Depths:5)
  An orc (Orc:3)
  A giant spore (D:11)
  11 fungi
  4 plants
  24 tentacles
  336 tentacle segments
401 creatures vanquished.

Grand Total: 3200 creatures vanquished

Notes
Turn   | Place    | Note
--------------------------------------------------------------
     0 | D:1      | uri, the Vine Stalker Berserker, began the quest for the Orb.
     0 | D:1      | Reached XP level 1. HP: 11/11 MP: 1/1
   171 | D:1      | Reached skill level 3 in Maces & Flails
   307 | D:1      | Reached XP level 2. HP: 11/16 MP: 3/3
   731 | D:1      | Acquired Trog's second power
   744 | D:1      | Reached XP level 3. HP: 19/19 MP: 4/4
  1047 | D:2      | Reached skill level 4 in Maces & Flails
  1158 | D:2      | Reached XP level 4. HP: 23/23 MP: 5/5
  1593 | D:3      | Noticed Grinder
  1611 | D:3      | Killed Grinder
  1611 | D:3      | Reached skill level 6 in Maces & Flails
  1611 | D:3      | Reached XP level 5. HP: 24/27 MP: 5/7
  1611 | D:3      | Gained mutation: You heal very quickly. [vine stalker growth]
  1611 | D:3      | Reached XP level 6. HP: 28/32 MP: 5/8
  2359 | D:4      | Found Qowkug's Antique Weapon Boutique.
  2382 | D:4      | Acquired Trog's third power
  2532 | D:4      | Found a staircase to the Ecumenical Temple.
  2620 | D:4      | Reached skill level 7 in Maces & Flails
  2620 | D:4      | Reached XP level 7. HP: 25/35 MP: 9/9
  2777 | D:4      | Noticed Duvessa
  2777 | D:4      | Noticed Dowan
  2783 | D:4      | Killed Duvessa
  2785 | D:4      | Killed Dowan
  2868 | D:4      | Found a bloodstained altar of Trog.
  3136 | D:5      | Entered Level 5 of the Dungeon
  3203 | D:5      | Noticed Blork the orc
  3237 | D:5      | Killed Blork the orc
  3253 | D:5      | Gained mutation: You have razor-sharp teeth. [vine stalker growth]
  3253 | D:5      | Reached XP level 8. HP: 41/41 MP: 11/11
  3497 | D:5      | Gained mutation: You have a somewhat thin skeletal structure (Dex +2, Stealth). [potion of beneficial mutation]
  3514 | D:5      | Noticed Prince Ribbit
  3539 | D:5      | Killed Prince Ribbit
  3539 | D:5      | Reached skill level 5 in Fighting
  3767 | D:6      | Reached XP level 9. HP: 47/47 MP: 12/12
  3824 | D:6      | Noticed Heini's ghost (experienced HOFi)
  3835 | D:6      | Killed Heini's ghost
  3835 | D:6      | Reached skill level 5 in Armour
  3984 | D:6      | Got a sparkling steel ring
  3988 | D:6      | Identified the ring "Thyzith" {Hunger Str-4} (You found it on level 6 of the Dungeon)
  4113 | D:6      | Paralysed by a giant eyeball for 4 turns
  4213 | D:6      | Found a snail-covered altar of Cheibriados.
  4213 | D:6      | Found a glowing silver altar of Zin.
  4621 | D:7      | Noticed Eustachio
  4714 | D:7      | Killed Eustachio
  4714 | D:7      | Reached skill level 8 in Fighting
  4768 | D:7      | Reached XP level 10. HP: 49/56 MP: 11/13
  5041 | D:7      | Noticed Crazy Yiuf
  5045 | D:7      | Killed Crazy Yiuf
  5129 | D:7      | Received a gift from Trog
  5206 | D:7      | Noticed Sigmund
  5212 | D:7      | Killed Sigmund
  5379 | D:8      | Found Truat's General Store.
  5415 | D:8      | Reached skill level 9 in Maces & Flails
  5580 | D:8      | Paralysed by a giant eyeball for 2 turns
  5705 | D:8      | Got a sparkling golden ring
  5710 | D:8      | Identified the ring of Joy {Hunger- Str+3 Int+3} (You found it on level 8 of the Dungeon)
  5713 | D:8      | Noticed Psyche
  5720 | D:8      | Killed Psyche
  6119 | D:9      | Found a staircase to the Orcish Mines.
  6126 | D:9      | Found a roughly hewn altar of Beogh.
  6140 | D:9      | Reached skill level 10 in Maces & Flails
  6237 | D:9      | Killed an unseen horror
  6809 | D:10     | Entered Level 10 of the Dungeon
  6809 | D:10     | Found a staircase to the Lair.
  6846 | D:10     | Found a portal to a secret trove of treasure.
  6990 | D:10     | Found Cetoid's Antique Weapon Boutique.
  6997 | D:10     | Cetoid's Antique Weapon Boutique was a mimic.
  7002 | D:10     | Reached skill level 11 in Maces & Flails
  7029 | D:10     | Found Daceumn's Elemental Accessories.
  7061 | D:10     | Found a flagged portal.
  7069 | Bailey   | Entered a bailey
  7647 | D:10     | Noticed Erolcha
  7654 | D:10     | Killed Erolcha
  7654 | D:10     | Reached XP level 11. HP: 52/60 MP: 15/15
  7959 | D:10     | Killed an unseen horror
  7959 | D:10     | Reached skill level 12 in Maces & Flails
  8050 | Lair:1   | Entered Level 1 of the Lair of Beasts
  8536 | Lair:1   | Reached skill level 1 in Evocations
  8541 | Lair:1   | Received a gift from Trog
  9033 | Lair:2   | Reached skill level 1 in Shields
 10181 | Lair:3   | Reached skill level 5 in Shields
 10290 | Lair:3   | Found a radiant altar of Vehumet.
 10391 | Lair:3   | Received a gift from Trog
 10499 | Lair:3   | Gained mutation: You regenerate. [vine stalker growth]
 10499 | Lair:3   | Reached XP level 12. HP: 64/64 MP: 20/20
 11192 | Lair:4   | Found a staircase to the Shoals.
 11232 | Lair:4   | Reached skill level 10 in Shields
 11402 | Lair:4   | Received a gift from Trog
 11877 | Lair:5   | Found a hole to the Spider Nest.
 12091 | Lair:5   | Reached XP level 13. HP: 59/68 MP: 18/21
 12125 | Lair:5   | Found a dark tunnel.
 12150 | Volcano  | Entered a volcano
 12212 | Volcano  | Got an iridescent mace
 12301 | Lair:5   | Found a frozen archway.
 12346 | IceCv    | Entered an ice cave
 12481 | IceCv    | Received a gift from Trog
 12655 | IceCv    | Reached skill level 13 in Shields
 12716 | IceCv    | Noticed a frost giant
 12803 | IceCv    | Killed a frost giant
 13092 | Lair:2   | Identified the +4,+9 mace "Rufet" {venom, +Blink Int+2 SInv} (You found it in a volcano)
 13331 | Lair:5   | Received a gift from Trog
 13401 | Lair:5   | Reached skill level 14 in Shields
 13453 | Lair:5   | Gained mutation: You passively map a small area around you. [potion of mutation]
 13453 | Lair:5   | Gained mutation: You occasionally shout uncontrollably. [potion of mutation]
 13801 | Lair:6   | Reached XP level 14. HP: 73/73 MP: 23/23
 14123 | Lair:6   | Received a gift from Trog
 14214 | Lair:6   | Reached skill level 15 in Shields
 15048 | Lair:7   | Received a gift from Trog
 15125 | Lair:7   | Reached skill level 5 in Evocations
 15407 | Lair:8   | Entered Level 8 of the Lair of Beasts
 15407 | Lair:8   | Found a snail-covered altar of Cheibriados.
 16031 | Lair:8   | Reached skill level 10 in Fighting
 16201 | Lair:8   | Found a viscous altar of Jiyva.
 16202 | Lair:8   | Found a staircase to the Slime Pits.
 16224 | Lair:8   | Received a gift from Trog
 16371 | Lair:8   | Reached XP level 15. HP: 55/80 MP: 26/26
 17174 | Lair:8   | Received a gift from Trog
 17178 | Lair:8   | Got a smoking mace {god gift}
 17179 | Lair:8   | Identified the +1,+8 mace of the End of Times {antimagic, Str-6 SInv} (Trog gifted it to you on level 8 of the Lair of Beasts)
 17657 | D:11     | Noticed Joseph
 17667 | D:11     | Killed Joseph
 17713 | D:11     | Found Utianura's Armour Boutique.
 18201 | D:12     | Received a gift from Trog
 19655 | D:13     | Reached skill level 15 in Maces & Flails
 19764 | D:14     | Found a gate to the Vaults.
 19764 | D:14     | Noticed Donald
 19764 | D:14     | Noticed Rupert
 19798 | D:14     | Noticed Erica
 19963 | D:14     | Received a gift from Trog
 20010 | D:14     | Killed Rupert
 20059 | D:14     | Killed Erica
 20685 | D:14     | Killed Donald
 20685 | D:14     | Reached XP level 16. HP: 85/85 MP: 27/27
 20741 | D:14     | Noticed a sphinx
 20760 | D:14     | Killed a sphinx
 20760 | D:14     | Reached skill level 16 in Maces & Flails
 20782 | D:14     | Got a fine mace
 21098 | D:14     | Identified the cursed +1,-2 mace of Generosity {freeze, Stlth--} (You found it on level 14 of the Dungeon)
 21496 | D:15     | Entered Level 15 of the Dungeon
 21823 | D:15     | Found a staircase to the Depths.
 22243 | D:15     | Received a gift from Trog
 22753 | Orc:1    | Entered Level 1 of the Orcish Mines
 23363 | Orc:1    | Received a gift from Trog
 23590 | Orc:3    | Found Blets' Armour Boutique.
 23590 | Orc:3    | Found a staircase to the Elven Halls.
 23618 | Orc:3    | Bought a +2 helmet of see invisible for 236 gold pieces
 23709 | Orc:3    | Noticed Grum
 23720 | Orc:3    | Killed Grum
 23781 | Orc:3    | Noticed Fannar
 23802 | Orc:3    | Killed Fannar
 24035 | Orc:3    | Received a gift from Trog
 24561 | Orc:4    | Entered Level 4 of the Orcish Mines
 24956 | Orc:4    | Received a gift from Trog
 24994 | Orc:4    | Found a roughly hewn altar of Beogh.
 25009 | Orc:4    | Reached skill level 10 in Armour
 25048 | Orc:4    | Found Tyagydophe's Antique Armour Boutique.
 25229 | Orc:4    | Found Khabb's Jewellery Boutique.
 25267 | Orc:4    | Found Stuji's General Store.
 25297 | Orc:4    | Found Voraf's Antique Weapon Boutique.
 25526 | Orc:4    | Found a roughly hewn altar of Beogh.
 25651 | Elf:1    | Entered Level 1 of the Elven Halls
 25691 | Elf:1    | Found a radiant altar of Vehumet.
 26207 | Elf:1    | Found Vytany's Gadget Shoppe.
 26418 | Elf:1    | Reached XP level 17. HP: 74/91 MP: 28/28
 26784 | Elf:2    | Got a distressingly furry shield
 26796 | Elf:2    | Identified the +2 shield of the Eight Boll Weevils {Spirit, rElec rPois} (You found it on level 2 of the Elven Halls)
 27622 | Spider:1 | Entered Level 1 of the Spider Nest
 27653 | Spider:1 | Got a steaming plate armour
 27682 | Spider:1 | Identified the +4 plate armour of Nihilism {Dam+6} (You found it on level 1 of the Spider Nest)
 27722 | Spider:1 | Received a gift from Trog
 27883 | Spider:1 | Noticed Agnes
 27905 | Spider:1 | Killed Agnes
 27996 | Spider:1 | Noticed Urug
 28009 | Spider:1 | Killed Urug
 28354 | Spider:2 | Noticed Thetao's ghost (mighty DrWz)
 28363 | Spider:2 | Killed Thetao's ghost
 28601 | Spider:2 | Received a gift from Trog
 29549 | Spider:3 | Reached skill level 10 in Evocations
 29640 | Spider:3 | Received a gift from Trog
 30436 | Trove    | Entered a treasure trove
 30840 | Spider:4 | Noticed Mara
 30844 | Spider:4 | Noticed uri's illusion
 30852 | Spider:4 | Killed uri's illusion
 30854 | Spider:4 | Noticed uri's illusion
 31136 | D:11     | Bought a +2 pair of boots of stealth for 387 gold pieces
 31224 | D:8      | Bought a scroll of enchant weapon II for 71 gold pieces
 31224 | D:8      | Bought a scroll of fear for 45 gold pieces
 31422 | Shoals:1 | Entered Level 1 of the Shoals
 31452 | Shoals:1 | Reached XP level 18. HP: 68/101 MP: 32/32
 31601 | Lair:4   | Upgraded the game from 0.14.0-26-g1682e81 to 0.14.1
 31726 | Spider:4 | Noticed uri's illusion
 31732 | Spider:4 | Killed Mara
 31880 | Spider:4 | Received a gift from Trog
 31884 | Spider:4 | Reached skill level 15 in Fighting
 32043 | Spider:5 | Entered Level 5 of the Spider Nest
 32353 | Spider:5 | Noticed Snorg
 32360 | Spider:5 | Killed Snorg
 32691 | Spider:5 | Received a gift from Trog
 32798 | Spider:5 | Reached skill level 17 in Fighting
 32850 | Spider:5 | Got a gossamer rune of Zot
 33299 | Vaults:1 | Entered Level 1 of the Vaults
 33459 | Vaults:1 | Found Ilohiecsea's Book Shop.
 33576 | Vaults:1 | Received a gift from Trog
 33619 | Vaults:1 | Reached skill level 18 in Fighting
 34070 | Vaults:1 | Reached XP level 19. HP: 114/114 MP: 32/32
 34449 | Vaults:2 | Received a gift from Trog
 34880 | Vaults:2 | Reached skill level 19 in Fighting
 34957 | Vaults:2 | Found a staircase to the Crypt.
 35033 | Vaults:2 | Lost mutation: You passively map a small area around you. [potion of cure mutation]
 35033 | Vaults:2 | Lost mutation: You occasionally shout uncontrollably. [potion of cure mutation]
 35033 | Vaults:2 | Lost mutation: You have a somewhat thin skeletal structure (Dex +2, Stealth). [potion of cure mutation]
 35088 | Vaults:2 | Noticed Frederick
 35096 | Vaults:2 | Killed Frederick
 35165 | Vaults:2 | Received a gift from Trog
 35985 | Vaults:3 | Reached skill level 20 in Fighting
 36242 | Vaults:3 | Received a gift from Trog
 36514 | Vaults:3 | Reached XP level 20. HP: 120/123 MP: 31/33
 37063 | Vaults:4 | Found a staircase to the Hall of Blades.
 37143 | Vaults:4 | Received a gift from Trog
 37177 | Blade    | Entered the Hall of Blades
 37864 | Vaults:4 | Got a steaming steel ring
 37871 | Vaults:4 | Identified the ring "Qeaha" {rF+ SInv} (You found it on level 4 of the Vaults)
 38007 | Vaults:4 | Received a gift from Trog
 38743 | Vaults:3 | Received a gift from Trog
 39056 | Orc:4    | Bought a slimy plate armour for 644 gold pieces
 39078 | Orc:4    | Identified the +8 plate armour of the Game of Kings {rF+} (You bought it in a shop on level 4 of the Orcish Mines)
 39206 | Lab      | Entered a labyrinth
 39482 | Lab      | Identified a +2 rod of ignition (11/11) (You found it in a labyrinth)
 40472 | Shoals:2 | Found Zytouban's Gadget Shoppe.
 40480 | Shoals:2 | Reached XP level 21. HP: 120/128 MP: 31/34
 40501 | Shoals:2 | Bought an ornate deck of dungeons for 300 gold pieces
 40531 | Shoals:2 | Received a gift from Trog
 41326 | Shoals:3 | Reached skill level 15 in Armour
 41671 | Shoals:3 | Received a gift from Trog
 42147 | Shoals:4 | Noticed Norris
 42159 | Shoals:4 | Killed Norris
 43252 | Shoals:5 | Entered Level 5 of the Shoals
 43396 | Shoals:5 | Got a transparent golden amulet
 43397 | Shoals:5 | Identified the amulet of Pse Struu {rMut Str+2 Int-3} (You found it on level 5 of the Shoals)
 43540 | Shoals:5 | Received a gift from Trog
 43553 | Shoals:5 | Got a barnacled rune of Zot
 43588 | Shoals:5 | Noticed Ilsuiw
 43639 | Shoals:5 | Killed Ilsuiw
 44569 | Depths:1 | Entered Level 1 of the Depths
 44700 | Depths:1 | Found a gateway to Hell.
 44861 | Depths:1 | Paralysed by a giant eyeball for 3 turns
 45072 | Depths:1 | Reached XP level 22. HP: 110/133 MP: 36/36
 45107 | Depths:1 | Received a gift from Trog
 45395 | Depths:1 | Noticed the Enchantress
 45415 | Depths:1 | Killed the Enchantress
 45443 | Depths:1 | Got a faerie dragon armour
 45463 | Depths:1 | Identified the +1 faerie dragon armour {rN+ Dam+4} (You took it off the Enchantress on level 1 of the Depths)
 45594 | Depths:1 | Reached skill level 15 in Evocations
 45635 | Depths:2 | Found Emmeozaats' Armour Boutique.
 45841 | Depths:2 | Found a one-way gate to the infinite horrors of the Abyss.
 45857 | Depths:2 | Received a gift from Trog
 46115 | Depths:2 | Paralysed by a giant eyeball for 4 turns
 46123 | Depths:2 | Paralysed by a giant eyeball for 4 turns
 46581 | Depths:2 | Received a gift from Trog
 46792 | Depths:2 | Got an ancient shield
 46813 | Depths:2 | Identified the cursed +1 shield of the City {+Fly rF+} (You found it on level 2 of the Depths)
 46926 | Depths:2 | Reached XP level 23. HP: 122/137 MP: 37/40
 46927 | Depths:2 | Received a gift from Trog
 46931 | Depths:2 | Got a polished eveningstar {god gift}
 46964 | Depths:2 | Noticed an ancient lich
 46982 | Depths:2 | Killed an ancient lich
 47319 | Lair:2   | Identified the +5,+5 eveningstar of Slow Death {crush, MR+ Int+1} (Trog gifted it to you on level 2 of the Depths)
 47937 | Depths:2 | Got an ancient mace
 47944 | Depths:2 | Identified the +9,+8 mace of Eneediom {crush, Int+1 SInv} (You found it on level 2 of the Depths)
 48283 | Depths:3 | Found a white marble altar of Elyvilon.
 48384 | Depths:3 | Found a bloodstained altar of Trog.
 48507 | Depths:3 | Found a radiant altar of Vehumet.
 48509 | Depths:3 | Found a one-way gate leading to the halls of Pandemonium.
 48546 | Depths:3 | Received a gift from Trog
 48615 | Depths:3 | Noticed Wiglaf
 48645 | Depths:3 | Killed Wiglaf
 49087 | Depths:3 | Found a shadowy altar of Dithmenos.
 49092 | Depths:3 | Received a gift from Trog
 49396 | Depths:3 | Found a gateway to a ziggurat.
 49458 | Depths:3 | Reached XP level 24. HP: 142/142 MP: 41/41
 49719 | Depths:3 | You fall through a shaft for 2 floors!
 49719 | Depths:5 | Entered Level 5 of the Depths
 49795 | Depths:5 | Noticed Mennas
 49832 | Depths:5 | Killed Mennas
 49893 | Depths:5 | Received a gift from Trog
 50035 | Depths:5 | Noticed Xtahua
 50057 | Depths:5 | Killed Xtahua
 50543 | Depths:5 | Found a gate to the Realm of Zot.
 50666 | Depths:5 | Received a gift from Trog
 50803 | Depths:5 | Found a corrupted altar of Lugonu.
 51602 | Depths:4 | Paralysed by a giant eyeball for 4 turns
 52544 | Vaults:3 | Reached XP level 25. HP: 148/148 MP: 42/42
 52594 | Vaults:5 | Entered Level 5 of the Vaults
 52602 | Vaults:4 | Received a gift from Trog
 52967 | Vaults:5 | Reached skill level 21 in Evocations
 53040 | Vaults:5 | Received a gift from Trog
 53058 | Vaults:5 | Got a smoking copper ring
 53067 | Vaults:5 | Identified the ring of Brohozaw {+Fly Str+3 Int+2} (You found it on level 5 of the Vaults)
 53247 | Vaults:5 | Got a heavily runed hat
 53251 | Vaults:5 | Identified the cursed +0 hat of Repulsion {rF+} (You found it on level 5 of the Vaults)
 53317 | Vaults:5 | Got a steaming lead ring
 53367 | Vaults:5 | Found Icen's Magic Scroll Emporium.
 53471 | Vaults:5 | Bought a scroll of enchant weapon I for 42 gold pieces
 53549 | Vaults:5 | Found Zaucuet's Magic Scroll Emporium.
 53553 | Vaults:5 | Bought a scroll of enchant weapon I for 59 gold pieces
 53574 | Vaults:5 | Found Moemis' Distillery.
 53578 | Vaults:5 | Bought a potion of paralysis for 24 gold pieces
 53580 | Vaults:5 | Bought a potion of might for 60 gold pieces
 53580 | Vaults:5 | Bought a potion of might for 60 gold pieces
 53580 | Vaults:5 | Bought a potion of curing for 48 gold pieces
 53580 | Vaults:5 | Bought a potion of resistance for 168 gold pieces
 53589 | Vaults:5 | Noticed an ancient lich
 53645 | Vaults:5 | Killed an ancient lich
 53860 | Vaults:5 | Identified the ring of Geacs {rN+ Str+2} (You took it off a tengu reaver on level 5 of the Vaults)
 53876 | Vaults:5 | Received a gift from Trog
 53918 | Vaults:5 | Reached skill level 22 in Evocations
 54028 | Vaults:5 | Reached XP level 26. HP: 129/155 MP: 43/43
 54142 | Vaults:5 | Identified a scroll of acquirement
 54245 | Vaults:5 | Got a silver rune of Zot
 54284 | Vaults:5 | Got a pair of transparent boots
 54291 | Vaults:5 | Identified the +0 pair of boots of Noon {Str+3 Dex+1} (You found it on level 5 of the Vaults)
 55481 | Zot:1    | Entered Level 1 of the Realm of Zot
 56304 | Zot:2    | Received a gift from Trog
 56678 | Zot:2    | Identified a +0 cloak of preservation (You took it off a yellow draconian on level 2 of the Realm of Zot)
 56884 | Zot:2    | Reached skill level 23 in Fighting
 57352 | Zot:3    | Received a gift from Trog
 57823 | Zot:4    | Got a pair of warped boots
 57833 | Zot:4    | Identified the +1 pair of boots of Cheibriados' Reproof {+Inv SInv} (You found it on level 4 of the Realm of Zot)
 57895 | Zot:4    | Reached XP level 27. HP: 165/165 MP: 44/44
 57937 | Zot:4    | Reached skill level 24 in Fighting
 58162 | Zot:4    | Noticed an orb of fire
 58174 | Zot:4    | Killed an orb of fire
 59062 | Orc:4    | Bought a +0 pair of gloves of dexterity for 184 gold pieces
 59709 | Zot:5    | Entered Level 5 of the Realm of Zot
 59906 | Zot:5    | Noticed Sar's ghost (great KoAK)
 59923 | Zot:5    | Noticed an orb of fire
 59932 | Zot:5    | Killed an orb of fire
 60013 | Zot:5    | Reached skill level 25 in Fighting
 60165 | Zot:5    | Got the Orb of Zot
 60761 | D:8      | Noticed Gruxt the pandemonium lord
 60945 | D:$      | Escaped with the Orb!

Action                   |  1- 3 |  4- 6 |  7- 9 | 10-12 | 13-15 | 16-18 | 19-21 | 22-24 | 25-27 || total
-------------------------+-------+-------+-------+-------+-------+-------+-------+-------+-------++-------
Melee: Mace              |   107 |   108 |   350 |    52 |       |       |       |       |       ||   617
       Dire flail        |       |       |       |   331 |       |       |       |       |       ||   331
       Demon whip        |       |       |       |   458 |  1450 |  1310 |       |       |       ||  3218
       Eveningstar       |       |       |       |       |     5 |   413 |  1189 |  1310 |  1045 ||  3962
Throw: Stone             |       |       |     4 |       |       |       |       |       |       ||     4
       Dart              |       |       |       |       |     1 |     2 |       |       |       ||     3
Invok: Trog's Hand       |       |     1 |     3 |     7 |    11 |    16 |    17 |    17 |    16 ||    88
       Berserk           |       |     1 |     6 |     2 |     3 |     1 |       |       |       ||    13
       Burn Spellbooks   |       |       |       |     3 |     1 |     9 |     3 |     4 |     5 ||    25
       Brothers in Arms  |       |       |       |     1 |     1 |     3 |     3 |     2 |     3 ||    13
 Abil: Stop Flying       |       |       |       |       |       |       |       |     1 |       ||     1
       Evoke Flight      |       |       |       |       |       |       |       |     1 |       ||     1
Evoke: Wand              |       |       |     4 |     3 |     4 |    25 |     3 |     5 |     8 ||    52
       Deck              |       |       |       |       |       |       |     3 |       |       ||     3
  Use: Scroll            |     2 |     6 |     4 |    12 |     4 |    17 |    15 |    26 |    25 ||   111
       Potion            |       |     4 |     6 |     4 |     5 |     2 |     4 |    10 |     9 ||    44
 Stab: Distracted        |       |       |       |       |     1 |       |       |       |     1 ||     2
       Fleeing           |       |       |       |       |     1 |       |       |       |       ||     1
       Invisible         |       |       |       |       |       |     1 |       |       |       ||     1
